 Dungeon Crawl Stone Soup version 0.27-a0-1065-ge809cff456 (webtiles) character file.

Game seed: 15177956801581360497

5044 flotson the Covert (level 10, 9/82 HPs)
             Began as a Gnoll Delver on Apr 23, 2021.
             Was a Follower of Fedhas.
             Quit the game on level 1 of the Abyss.
             The game lasted 00:19:11 (10290 turns).

flotson the Covert (Gnoll Delver)                  Turns: 10290, Time: 00:19:11

Health: 9/82       AC: 12    Str: 15    XL:     10   Next: 55%
Magic:  18/18      EV: 12    Int:  9    God:    Fedhas [*.....]
Gold:   262        SH:  0    Dex: 14    Spells: 19/19 levels left

rFire    . . .     SeeInvis +   b - +0 shortbow
rCold    . . .     Faith    .   (shield currently unavailable)
rNeg     . . .     Spirit   .   j - +0 scale mail
rPois    .         Reflect  .   (no helmet)
rElec    .         Harm     .   (no cloak)
rCorr    +         Rampage  .   p - +2 pair of gloves
Will     .....                  x - +1 pair of boots
Stlth    +++.......             J - amulet of magic regeneration
HPRegen  0.23/turn              E - ring of resist corrosion
MPRegen  0.41/turn              R - ring of see invisible

@: on berserk cooldown, slowed, very slow
A: fangs 1, strong nose, distributed training
a: Renounce Religion


You were on level 1 of the Abyss.
You worshipped Fedhas.
Fedhas was aware of your devotion.
You visited 2 branches of the dungeon, and saw 9 of its levels.
You visited the Abyss 1 time.

You collected 262 gold pieces.

Inventory:

Hand Weapons
 a - the +4 whip of Untimely Demise {elec, Dex+4}
   (You found it on level 5 of the Dungeon)

   Occasionally, upon striking a foe, it can discharge electrical energy and
   cause terrible harm.
   It affects your dexterity (+4).
 b - a +0 shortbow (weapon)
 c - a +1 antimagic halberd
 F - a +4 hand axe
 G - a +0 arbalest
 L - a +0 hand crossbow
 M - the +6 war axe of the Dove {vorpal, rPois rF+ rC-}
   (You found it on level 6 of the Dungeon)

   It inflicts extra damage upon your enemies.
   It protects you from fire.
   It makes you vulnerable to cold.
   It protects you from poison.
Missiles
 h - 149 arrows (quivered ammo)
 n - 9 boomerangs
 y - 10 poisoned darts
Armour
 j - a +0 scale mail (worn)
 p - a +2 pair of gloves (worn)
 x - a +1 pair of boots (worn)
 V - a +0 leather armour of fire resistance
Magical Staves
 K - a staff of conjuration
 T - a staff of cold
Jewellery
 E - a ring of resist corrosion (left hand)
 J - an amulet of magic regeneration (around neck)
 R - a ring of see invisible (right hand)
Wands
 g - a wand of digging (1)
 s - a wand of flame (34)
 U - a wand of polymorph (9)
Scrolls
 d - a scroll of magic mapping
 e - 2 scrolls of fear
 i - 4 scrolls of teleportation {unknown}
 u - 3 scrolls of blinking {unknown}
 B - 3 scrolls of amnesia {unknown}
 D - 4 scrolls of fog
 H - a scroll of torment {unknown}
 N - a scroll of enchant armour {unknown}
 O - a scroll of silence {unknown}
 P - a scroll of noise {unknown}
 S - a scroll of enchant weapon {unknown}
Potions
 f - a potion of haste
 l - a potion of brilliance
 m - a potion of attraction
 o - 2 potions of flight
 q - a potion of might
 r - 5 potions of curing
 v - 2 potions of invisibility
 z - a potion of magic {unknown}
 A - a potion of cancellation {unknown}
 C - a potion of lignification {unknown}
 Q - a potion of resistance {unknown}


   Skills:
 + Level 8.6 Fighting
 + Level 5.4 Short Blades
 + Level 5.4 Long Blades
 + Level 7.1 Axes
 + Level 5.4 Maces & Flails
 + Level 5.4 Polearms
 + Level 5.4 Staves
 + Level 5.4 Slings
 + Level 5.4 Bows
 + Level 5.4 Crossbows
 + Level 5.4 Throwing
 + Level 5.4 Armour
 + Level 7.1 Dodging
 + Level 10.9 Stealth
 + Level 5.4 Shields
 + Level 5.4 Unarmed Combat
 + Level 5.4 Spellcasting
 + Level 4.4 Conjurations
 + Level 4.4 Hexes
 + Level 4.4 Summonings
 + Level 4.4 Necromancy
 + Level 4.4 Translocations
 + Level 4.4 Transmutations
 + Level 4.4 Fire Magic
 + Level 4.4 Ice Magic
 + Level 4.4 Air Magic
 + Level 4.4 Earth Magic
 + Level 4.4 Poison Magic
 + Level 5.9 Invocations
 + Level 5.4 Evocations


You had 19 spell levels left.
You didn't know any spells.
Your spell library contained the following spells:

 Spells                   Type           Power      Damage    Failure   Level
 Magic Dart               Conj           40%        1d5       14%         1
 Searing Ray              Conj           20%        3d3       21%         2
 Confusing Touch          Hex            10%        N/A       38%         3
 Dazzling Flash           Conj/Hex       20%        N/A       38%         3
 Gell's Gravitas          Tloc           5%         N/A       38%         3
 Fulminant Prism          Conj/Hex       5%         3d7       80%         4
 Iskenderun's Mystic Bla  Conj/Tloc      10%        2d4       80%         4
 Petrify                  Tmut/Erth      10%        N/A       80%         4
 Metabolic Englaciation   Hex/Ice        5%         N/A       98%         5
 Yara's Violent Unravell  Hex/Tmut       5%         3d4       98%         5


Dungeon Overview and Level Annotations

Branches:
Dungeon (8/15)             Temple (1/1) D:7
   Lair: D:8-11

Altars:
Ashenzari
Cheibriados
Dithmenos
Elyvilon
Fedhas
Gozag
Hepliaklqana
Kikubaaqudgha
Makhleb
Nemelex Xobeh
Okawaru
Qazlal
Ru
Sif Muna
Trog
Uskayaw
Vehumet
Wu Jian
Xom
Yredelemnul
Zin
The Shining One

Annotations:
D:5 2 runed translucent doors, kd29's ghost, novice DrTm
D:8 Psyche


Innate Abilities, Weirdness & Mutations

You have very sharp teeth.
Your uncanny sense of smell can sniff out nearby items.
Your experience applies equally to all skills.


Message History

The apocalypse crab misses you.
The apocalypse crab claws you but does no damage.
A lurking horror comes into view.
The ynoxinul gestures.
The rakshasa blinks!
The rakshasa hits you from afar with a +0 trident!
* * * LOW HITPOINT WARNING * * *
The ufetubus disappears in a puff of smoke!
The rakshasa weaves an illusion.
The lurking horror shimmers and seems to become two!
The ynoxinul gestures.
Your body is wracked with pain!
* * * LOW HITPOINT WARNING * * *
The rakshasa weaves an illusion.
The lurking horror shimmers and seems to become two!
The ufetubus misses you. The ufetubus barely misses you.
The ufetubus barely misses you. The ufetubus closely misses you.
The ufetubus completely misses you.
The ufetubus hits you but does no damage.
The ufetubus barely misses you.
The ufetubus hits you but does no damage.
The ufetubus closely misses you.
The ufetubus hits you but does no damage.
The ufetubus hits you but does no damage. x2
Unknown command.
The +4 whip of Untimely Demise {elec, Dex+4} stops crackling.
b - a +0 shortbow (weapon)
The ufetubus closely misses you.
The ufetubus hits you but does no damage.
Fire: 150 arrows
Press: ? - help, Q - select action, (/) - cycle Shift-Dir - straight line, f - ufetubus
Aim: an ufetubus (summoned, 50% to hit)
You shoot an arrow. The arrow hits the ufetubus.
The ufetubus is heavily wounded.
The ufetubus closely misses you.
The ufetubus hits you but does no damage.
The ufetubus closely misses you. The ufetubus completely misses you.
Okay, then.
Unknown command.
Are you sure you want to abandon this character and quit the game? (Confirm with "yes".)

∆ ### #@## ..
#####5# .# .# ##.#
#R# .. ..
#.#.###.####. # ##.#
#.#.#.#t3.......
##...#
##.#55##5.###.#.
.....# #. .#....#
.#...555535....
#...#..##5###.**...#


You could see a rakshasa, an apocalypse crab, a ynoxinul and 2 ufetubi.

Vanquished Creatures
  A thrashing horror (Abyss:1)
  A deep elf pyromancer (D:8)
  A manticore (D:8)
  An ugly thing (D:8)
  A hornet (D:8)
  A slime creature (D:7)
  Sigmund (D:3)
  A wraith (D:8)
  A wyvern (D:8)
  A steam dragon (D:8)
  2 orc warriors
  A necrophage (D:6)
  2 ogres
  A centaur (D:8)
  5 bullfrogs
  A scorpion (D:5)
  5 wights (D:7)
  8 howler monkeys
  A centaur zombie (D:8)
  A bullfrog zombie (D:5)
  2 jellies
  4 hounds
  A gnoll shaman (D:3)
  A bullfrog skeleton (D:6)
  3 orc priests
  Jessica (D:2)
  5 iguanas
  2 orc wizards
  A scorpion zombie (D:5)
  4 killer bee zombies
  2 adders
  10 gnolls
  A white imp (D:6)
  2 adder skeletons (D:4)
  A dart slug (D:1)
  15 orcs
  7 endoplasms
  5 giant cockroaches
  2 hobgoblins
  3 jackals (D:5)
  3 quokkas
  7 ball pythons
  3 bats
  2 frilled lizards (D:1)
  6 goblins
  3 kobolds
  3 rats
  A spectral orc (D:7)
137 creatures vanquished.

Notes
Turn   | Place    | Note
-------+----------+-------------------------------------------
     0 | D:5      | Reached skill level 9 in Stealth
     0 | D:5      | flotson the Gnoll Delver began the quest for the Orb.
     0 | D:5      | Reached XP level 1. HP: 23/23 MP: 1/1
   276 | D:2      | Found a faded altar of an unknown god.
   281 | D:2      | Reached XP level 2. HP: 29/29 MP: 2/2
   676 | D:1      | Reached XP level 3. HP: 35/35 MP: 3/3
  1457 | D:2      | Noticed Jessica
  1466 | D:2      | Killed Jessica
  1467 | D:2      | Reached skill level 1 in Short Blades
  1467 | D:2      | Reached skill level 1 in Long Blades
  1467 | D:2      | Reached skill level 1 in Maces & Flails
  1467 | D:2      | Reached skill level 1 in Polearms
  1467 | D:2      | Reached skill level 1 in Staves
  1467 | D:2      | Reached skill level 1 in Slings
  1467 | D:2      | Reached skill level 1 in Bows
  1467 | D:2      | Reached skill level 1 in Crossbows
  1467 | D:2      | Reached skill level 1 in Throwing
  1467 | D:2      | Reached skill level 1 in Armour
  1467 | D:2      | Reached skill level 1 in Shields
  1467 | D:2      | Reached skill level 1 in Unarmed Combat
  1467 | D:2      | Reached skill level 1 in Spellcasting
  1467 | D:2      | Reached skill level 1 in Invocations
  1467 | D:2      | Reached skill level 1 in Evocations
  1467 | D:2      | Reached XP level 4. HP: 33/41 MP: 5/5
  1931 | D:3      | Noticed Sigmund
  1945 | D:3      | Killed Sigmund
  1946 | D:3      | Reached skill level 1 in Conjurations
  1946 | D:3      | Reached skill level 1 in Hexes
  1946 | D:3      | Reached skill level 1 in Summonings
  1946 | D:3      | Reached skill level 1 in Necromancy
  1946 | D:3      | Reached skill level 1 in Translocations
  1946 | D:3      | Reached skill level 1 in Transmutations
  1946 | D:3      | Reached skill level 1 in Fire Magic
  1946 | D:3      | Reached skill level 1 in Ice Magic
  1946 | D:3      | Reached skill level 1 in Air Magic
  1946 | D:3      | Reached skill level 1 in Earth Magic
  1946 | D:3      | Reached skill level 1 in Poison Magic
  1946 | D:3      | Reached XP level 5. HP: 33/47 MP: 5/7
  1946 | D:3      | Reached XP level 6. HP: 38/53 MP: 5/8
  2279 | D:3      | Found a sacrificial altar of Ru.
  2372 | D:4      | Found a bloodstained altar of Trog.
  2591 | D:4      | Reached skill level 5 in Axes
  2591 | D:4      | Reached skill level 5 in Dodging
  3418 | D:4      | Reached XP level 7. HP: 31/59 MP: 10/10
  4162 | D:5      | Found a large runed translucent door.
  4162 | D:5      | Found a large runed translucent door.
  4485 | D:5      | Identified the +4 whip of Untimely Demise {elec, Dex+4}
  4785 | D:5      | Noticed kd29's ghost (novice DrTm)
  4935 | D:6      | Reached skill level 10 in Stealth
  4945 | D:6      | Reached XP level 8. HP: 67/67 MP: 12/12
  5560 | D:6      | Identified the +6 war axe of the Dove {vorpal, rPois rF+
                  | rC-}
  5826 | D:7      | Found a staircase to the Ecumenical Temple.
  5827 | D:7      | Found a radiant altar of Vehumet.
  5834 | Temple   | Entered the Ecumenical Temple
  5841 | Temple   | Became a worshipper of Fedhas Madash
  6699 | D:7      | Reached XP level 9. HP: 70/72 MP: 14/14
  7044 | D:7      | Found a basalt altar of Yredelemnul.
  7455 | D:8      | Noticed a hornet
  7684 | D:8      | Reached * piety under Fedhas
  7813 | D:8      | Killed a hornet
  8211 | D:8      | Paralysed by an orc warrior for 5 turns
  8543 | D:8      | Noticed a deep elf pyromancer
  8554 | D:8      | Killed a deep elf pyromancer
  8555 | D:8      | Reached skill level 5 in Invocations
  8855 | D:8      | Reached XP level 10. HP: 80/80 MP: 17/17
  8865 | D:8      | Noticed a two-headed ogre
  8871 | D:8      | Noticed a brown ugly thing
  8875 | D:8      | Noticed a manticore
  9400 | D:8      | Killed a manticore
  9401 | D:8      | Reached skill level 5 in Short Blades
  9401 | D:8      | Reached skill level 5 in Long Blades
  9401 | D:8      | Reached skill level 5 in Maces & Flails
  9401 | D:8      | Reached skill level 5 in Polearms
  9401 | D:8      | Reached skill level 5 in Staves
  9401 | D:8      | Reached skill level 5 in Slings
  9401 | D:8      | Reached skill level 5 in Bows
  9401 | D:8      | Reached skill level 5 in Crossbows
  9401 | D:8      | Reached skill level 5 in Throwing
  9401 | D:8      | Reached skill level 5 in Armour
  9401 | D:8      | Reached skill level 5 in Shields
  9401 | D:8      | Reached skill level 5 in Unarmed Combat
  9401 | D:8      | Reached skill level 5 in Spellcasting
  9401 | D:8      | Reached skill level 5 in Evocations
  9726 | D:8      | HP: 3/82 [acid (3)]
  9728 | D:8      | Killed a brown ugly thing
 10159 | D:8      | Noticed Psyche
 10171 | D:8      | Cast into level 1 of the Abyss (Psyche)
 10237 | Abyss:1  | Noticed a thrashing horror
 10261 | Abyss:1  | Noticed an apocalypse crab
 10267 | Abyss:1  | Killed a thrashing horror
 10276 | Abyss:1  | Noticed a rakshasa
 10290 | Abyss:1  | Quit the game

Illustrated notes

Levels and vault maps discovered:
D:1:      scummos_arrival_checkerplants, layout_loops_cross,
          chequers_serial_rivers_large_b
D:2:      layout_loops_corners, hellmonk_ecumenical_altar_slurped_away,
          st_stairs_3, nrook_mini_backslash, uniq_jessica
D:3:      layout_rooms, nicolae_ru_the_path_less_chosen, serial_curves,
          eino_curves_04, eino_curves_01, eino_curves_02, uniq_sigmund
D:4:      layout_loops_ring, trog_antimagical
D:5:      layout_cave_pools, ebering_ghost_disaster_area
D:6:      layout_basic
D:7:      layout_loops_ring, fiery_altar_vehumet,
          yredelemnul_forgotten_temple_becter, minmay_temple_entry_mini_moons
D:8:      layout_layer_cave, minmay_evil_grid, uniq_psyche
Temple:   nicolae_temple_no_exploring_needed
Abyss:1:  base:
D:4

Skill      XL: |  1  2  3  4  5  6  7  8  9 10 |
---------------+-------------------------------+-----
Stealth        | 10 | 10.9
Short Blades   | 1 2 3 4 5 |  5.4
Long Blades    | 1 2 3 4 5 |  5.4
Maces & Flails | 1 2 3 4 5 |  5.4
Polearms       | 1 2 3 4 5 |  5.4
Staves         | 1 2 3 4 5 |  5.4
Slings         | 1 2 3 4 5 |  5.4
Bows           | 1 2 3 4 5 |  5.4
Crossbows      | 1 2 3 4 5 |  5.4
Throwing       | 1 2 3 4 5 |  5.4
Armour         | 1 2 3 4 5 |  5.4
Shields        | 1 2 3 4 5 |  5.4
Unarmed Combat | 1 2 3 4 5 |  5.4
Spellcasting   | 1 2 3 4 5 |  5.4
Invocations    | 1 2 3 4 5 |  5.9
Evocations     | 1 2 3 4 5 |  5.4
Conjurations   | 1 2 3 4 |  4.4
Hexes          | 1 2 3 4 |  4.4
Summonings     | 1 2 3 4 |  4.4
Necromancy     | 1 2 3 4 |  4.4
Translocations | 1 2 3 4 |  4.4
Transmutations | 1 2 3 4 |  4.4
Fire Magic     | 1 2 3 4 |  4.4
Ice Magic      | 1 2 3 4 |  4.4
Air Magic      | 1 2 3 4 |  4.4
Earth Magic    | 1 2 3 4 |  4.4
Poison Magic   | 1 2 3 4 |  4.4
Axes           | 5 6 7 |  7.1
Dodging        | 5 6 7 |  7.1
Fighting       | 7 8 |  8.6

Action                   |  1- 3 |  4- 6 |  7- 9 | 10-12 || total
-------------------------+-------+-------+-------+-------++-------
Melee: Hand axe          |    13 |    94 |       |       ||   107
       Trident           |    33 |       |       |       ||    33
       Bite              |     3 |     9 |    29 |    10 ||    51
       Short sword       |    20 |       |       |       ||    20
       Punch             |       |     1 |     1 |     4 ||     6
       Whip              |       |       |   187 |    83 ||   270
 Fire: Shortbow          |       |       |   154 |     4 ||   158
Throw: Boomerang         |       |     5 |       |       ||     5
       Dart              |       |       |    16 |     3 ||    19
Evoke: Wand              |       |       |    10 |     4 ||    14
  Use: Scroll            |       |       |     9 |     1 ||    10
       Potion            |       |       |       |     2 ||     2
 Stab: Sleeping          |    14 |     6 |     5 |       ||    25
       Distracted        |       |     1 |     1 |       ||     2
       Paralysed         |       |       |    11 |       ||    11
Armor: Scale mail        |    22 |    33 |    77 |    49 ||   181
       Leather armour    |     1 |       |       |       ||     1
Dodge: Dodged            |    22 |    60 |   121 |    85 ||   288

Table legend: (Time is in decaauts)
 A = Elapsed time spent in this place.
 B = Non-inter-level travel time spent in this place.
 C = Inter-level travel time spent in this place.
 D = Time resting spent in this place.
 E = Time spent auto-exploring this place.
 F = Levels seen in this place.
 G = Mean time per level.
                   A        B        C        D        E       F      G
               +--------+--------+--------+--------+--------+-----+--------+
         Total |  10325 |   9946 |    379 |   2264 |   5971 |  10 | 1032.5 |
       Dungeon |  10190 |   9818 |    372 |   2264 |   5906 |   8 | 1273.8 |
        Temple |     14 |      7 |      7 |      0 |      0 |   1 |   14.0 |
         Abyss |    120 |    120 |      0 |      0 |     65 |   1 |  120.0 |
               +--------+--------+--------+--------+--------+-----+--------+

Top non-repeatable levels by time:
     D:7: 1998 daAuts
     D:8: 1888 daAuts
     D:6: 1381 daAuts
     D:3: 1262 daAuts
     D:4: 1197 daAuts
     D:2: 948 daAuts
     D:1: 763 daAuts
     D:5: 749 daAuts
 Abyss:1: 120 daAuts
  Temple: 14 daAuts
